 Dungeon Crawl Stone Soup version 0.27-a0-380-g150de4c (webtiles) character file.

Game seed: 10317010466561035041

114 MrTaco21 the Cudgeller (level 4, -2/28 HPs)
             Began as a Gargoyle Fighter on Feb 17, 2021.
             Was an Initiate of Okawaru.
             Slain by a bullfrog (3 damage)
             ... on level 3 of the Dungeon.
             The game lasted 00:03:14 (2439 turns).

MrTaco21 the Cudgeller (Gargoyle Fighter)           Turns: 2439, Time: 00:03:14

Health: -2/28      AC: 17    Str: 21    XL:     4   Next: 97%
Magic:  4/4        EV:  7    Int:  8    God:    Okawaru [......]
Gold:   173        SH:  9    Dex:  9    Spells: 3/3 levels left

rFire    . . .     SeeInvis .   t - +0 mace (protect)
rCold    . . .     Faith    +   c - +0 kite shield
rNeg     + . .     Spirit   .   b - +0 scale mail
rPois    ∞         Reflect  .   (no helmet)
rElec    +         Harm     .   (no cloak)
rCorr    .         Rampage  .   (no gloves)
Will     .....                  (no boots)
Stlth    ..........             p - amulet of faith {!P}
HPRegen  0.09/turn              a - ring of flight
MPRegen  0.09/turn              (no ring)

@: protection aura
A: negative energy resistance 1, electricity resistance, unbreathing,
petrification resistance, miasma immunity, AC +3
a: Renounce Religion, Evoke Flight


You were on level 3 of the Dungeon.
You worshipped Okawaru.
Okawaru was noncommittal.
You visited 1 branch of the dungeon, and saw 4 of its levels.

You collected 173 gold pieces.

Inventory:

Hand Weapons
 t - a +0 mace of protection (weapon)
   (You found it on level 2 of the Dungeon)
Armour
 b - a +0 scale mail (worn)
 c - a +0 kite shield (worn)
Jewellery
 a - a ring of flight (left hand)
   (You found it on level 3 of the Dungeon)
 p - an amulet of faith (around neck) {!P}
   (You found it on level 2 of the Dungeon)
Scrolls
 e - 2 scrolls of random uselessness {unknown}
 i - a scroll of blinking {unknown}
 j - 2 scrolls of magic mapping {unknown}
 k - 6 scrolls of identify {unknown}
 l - 2 scrolls of enchant weapon {unknown}
 m - a scroll of fog {unknown}
 n - a scroll of enchant armour {unknown}
 q - 2 scrolls of teleportation {unknown}
 r - a scroll of amnesia {unknown}
 s - 2 scrolls of noise {unknown}
Potions
 d - a potion of might
 f - a potion of resistance {unknown}
 g - 2 potions of curing {unknown}
 h - 4 potions of flight {unknown}
 o - a potion of lignification {unknown}


   Skills:
 - Level 3.2 Fighting
 + Level 5.0 Maces & Flails
 - Level 3.2 Armour
 - Level 3.2 Shields


You had 3 spell levels left.
You didn't know any spells.
Your spell library was empty.

Dungeon Overview and Level Annotations

Branches:
Dungeon (4/15)
 Temple: D:4-7

Altars:
Okawaru
Sif Muna
Vehumet


Innate Abilities, Weirdness & Mutations

You are resistant to torment.
Your stone body is resilient. (AC +3)
You are immune to poison.
You resist negative energy. (rN+)
You are resistant to electric shocks. (rElec)
You can survive without breathing.
You are immune to petrification.
You are immune to miasma.


Message History

* * * LOW HITPOINT WARNING * * *
The bullfrog closely misses you. The bat hits you but does no damage.
You closely miss the bullfrog. You block the bat's attack.
The bat hits you but does no damage. The bullfrog barely misses you.
The bullfrog closely misses you. The bat barely misses you.
Unknown command.
You hit the bullfrog but do no damage.
Your weapon exudes an aura of protection.
The bat barely misses you. You block the bat's attack.
You block the bullfrog's attack. x2; The bat closely misses you.
Unknown command.
Your shield prevents you from hitting the bullfrog.
You block the bat's attack. x2
The bullfrog hits you but does no damage.
The bat hits you but does no damage.
The bullfrog hits you but does no damage.
Unknown command.
You hit the bullfrog. The bat hits you but does no damage.
You block the bullfrog's attack. The bat hits you but does no damage.
The bullfrog hits you.
* * * LOW HITPOINT WARNING * * *
You thump the bullfrog! The bat closely misses you.
The bullfrog barely misses you.
The bullfrog hits you but does no damage.
Unknown command.
You barely miss the bullfrog. The bat hits you but does no damage.
The bat barely misses you.
The bullfrog hits you but does no damage.
The bullfrog hits you.
* * * LOW HITPOINT WARNING * * *
The bat barely misses you. The bullfrog closely misses you.
You closely miss the bullfrog. The bat hits you but does no damage.
The bullfrog hits you.
* * * LOW HITPOINT WARNING * * *
The bullfrog hits you but does no damage.
You closely miss the bullfrog. The bat hits you but does no damage. x2
The bullfrog hits you.
* * * LOW HITPOINT WARNING * * *
The bullfrog hits you but does no damage.
You completely miss the bullfrog. The bat hits you but does no damage. x2
The bullfrog hits you but does no damage.
You block the bullfrog's attack.
Unknown command.
You hit the bullfrog.
Your weapon exudes an aura of protection.
The bat barely misses you. You block the bullfrog's attack.
The bullfrog hits you but does no damage.
You closely miss the bullfrog. You block the bat's attack.
The bat hits you but does no damage. The bullfrog hits you.
You die...

..#.........# #....#
#.........
..#.........#####....#
#.........
###............###...#
#.........
#............# #...#
#.........
######.......# #...#
#......... #...(...#
#...# #.........
#.......# #...#
##.#######
###########...## #.#
#@b....# #.# #F####.#
#.# #†# #.# #.# #.#
#.###.# ##.## #..##.#
#####...###..##.#
##.....©).....##.#
#..#########..>#.#
#.##8$$o.$8##..#.#######


You could see a bullfrog and a bat.

Vanquished Creatures
  3 adders
  An ooze (D:1)
  An adder zombie (D:1)
  2 worms
  A dart slug (D:2)
  3 leopard geckos
  2 orcs (D:3)
  A bat zombie (D:1)
  6 giant cockroaches
  8 goblins
  4 hobgoblins
  3 jackals (D:1)
  9 kobolds
  A quokka (D:3)
  A ball python (D:1)
  7 bats
  A frilled lizard (D:2)
  8 rats
62 creatures vanquished.

Notes
Turn   | Place    | Note
-------+----------+-------------------------------------------
     0 | D:1      | MrTaco21 the Gargoyle Fighter began the quest for the Orb.
     0 | D:1      | Reached XP level 1. HP: 14/14 MP: 1/1
   130 | D:1      | Reached XP level 2. HP: 19/19 MP: 2/2
   277 | D:1      | Reached skill level 3 in Maces & Flails
   612 | D:1      | Reached XP level 3. HP: 23/23 MP: 3/3
   936 | D:2      | Found a radiant altar of Vehumet.
  1048 | D:2      | Reached skill level 4 in Maces & Flails
  1118 | D:2      | Found an iron altar of Okawaru.
  1143 | D:2      | Became a worshipper of Warmaster Okawaru
  1217 | D:2      | Reached XP level 4. HP: 27/28 MP: 4/4
  1755 | D:3      | You fall into a shaft and drop 1 floor!
  1770 | D:3      | Found a shimmering blue altar of Sif Muna.
  1770 | D:3      | Found a transporter.
  1770 | D:3      | Noticed a bullfrog
  2208 | D:3      | Found a transporter.
  2423 | D:3      | Reached skill level 5 in Maces & Flails
  2436 | D:3      | HP: 1/28 [bullfrog (3)]
  2439 | D:3      | Slain by a bullfrog

Illustrated notes

Levels and vault maps discovered:
D:1:      saegor_arrival_fortress, layout_rooms
D:2:      layout_loops_ring, okawaru_gym_becter, vehumet_crystals
D:3:      layout_basic, gammafunk_temple_overflow_arena
D:4:      layout_layer_cave, serial_undead, serial_undead_a, serial_undead_e,
          serial_undead_c, serial_undead_e, serial_undead_e, serial_undead_b,
          serial_undead_d, serial_undead_a

Skill      XL: |  1  2  3  4 |
---------------+-------------+-----
Maces & Flails | 3 4 5 |  5.0
Fighting       | |  3.2
Armour         | |  3.2
Shields        | |  3.2

Action                   |  1- 3 |  4- 6 || total
-------------------------+-------+-------++-------
Melee: Flail             |   152 |    17 ||   169
       Mace              |       |    84 ||    84
Armor: Scale mail        |    97 |    60 ||   157
Dodge: Dodged            |    62 |    55 ||   117
Block: Kite shield       |    97 |    56 ||   153

Table legend: (Time is in decaauts)
 A = Elapsed time spent in this place.
 B = Non-inter-level travel time spent in this place.
 C = Inter-level travel time spent in this place.
 D = Time resting spent in this place.
 E = Time spent auto-exploring this place.
 F = Levels seen in this place.
 G = Mean time per level.
                   A        B        C        D        E       F      G
               +--------+--------+--------+--------+--------+-----+--------+
         Total |   2548 |   2446 |    102 |      0 |   1759 |   4 |  637.0 |
       Dungeon |   2548 |   2446 |    102 |      0 |   1759 |   4 |  637.0 |
               +--------+--------+--------+--------+--------+-----+--------+

Top non-repeatable levels by time:
     D:2: 966 daAuts
     D:3: 828 daAuts
     D:1: 738 daAuts
     D:4: 14 daAuts
